 Dungeon Crawl Stone Soup version 0.17-a0-1404-gb8113a6 (webtiles) character file.

70 urechis the Poker (level 4, -2/33 HPs)
             Began as a Merfolk Gladiator on June 21, 2015.
             Slain by a goblin
             ... wielding a +0 dagger
             ... led by Robin
              (4 damage)
             ... on level 3 of the Dungeon.
             The game lasted 00:02:35 (1884 turns).

urechis the Poker (Merfolk Gladiator)               Turns: 1884, Time: 00:02:35

Health: -2/33      AC:  4    Str: 15    XL:     4   Next: 22%
Magic:  4/4        EV: 13    Int:  7    God:
Gold:   99         SH:  4    Dex: 15    Spells: 0 memorised, 3 levels left

rFire  . . .     SeeInvis .     a - +0 trident
rCold  . . .     Clarity  .     b - +0 leather armour
rNeg   . . .     SustAt   .     n - +0 buckler
rPois  .         Gourm    .     c - +0 helmet
rElec  .         Spirit   .     (no cloak)
rCorr  .         Warding  .     (no gloves)
rMut   .         Stasis   .     (no boots)
MR     .....                    (no amulet)
Stlth  ++........               (no ring)
                                p - ring of stealth

@: not resistant to hostile enchantments, unstealthy
A: change form in water, swift swim
a: no special abilities


You were on level 3 of the Dungeon.
You were not hungry.

You visited 1 branch of the dungeon, and saw 3 of its levels.

You collected 99 gold pieces.

Inventory:

Hand weapons
 a - a +0 trident (weapon)
Missiles
 e - 3 throwing nets (quivered)
Armour
 b - a +0 leather armour (worn)
 c - a +0 helmet (worn)
 n - a +0 buckler (worn)
Jewellery
 p - a ring of stealth (left hand)
Scrolls
 f - 2 scrolls of immolation {unknown}
 g - 4 scrolls of remove curse {unknown}
 k - 4 scrolls of teleportation {unknown}
 l - 2 scrolls of enchant weapon {unknown}
 m - a scroll of fear {unknown}
 s - a scroll of noise {unknown}
 t - 2 scrolls of identify {unknown}
 u - a scroll of fog {unknown}
 v - a scroll of magic mapping {unknown}
Potions
 i - a potion of might
 j - 2 potions of flight {unknown}
 q - a potion of magic {unknown}
 r - a potion of cancellation {unknown}
Comestibles
 d - a bread ration
 h - a meat ration
 o - a beef jerky


   Skills:
 - Level 2.1 Fighting
 + Level 6.4 Polearms
 - Level 2.0 Throwing
 - Level 4.0 Dodging
 * Level 1.8 Shields


You had 3 spell levels left.
You didn't know any spells.

Dungeon Overview and Level Annotations

Branches:
Dungeon (3/15)

Altars:
Dithmenos
Vehumet

Annotations:
D:3 Natasha, Robin


Message History

The giant frog closely misses you.
Robin's horned helmet rattles.
Robin throws the goblin at you!
* * * LOW HITPOINT WARNING * * *
A goblin comes into view.
You hit the goblin.
The goblin is severely wounded.
The giant frog closely misses you. The goblin closely misses you.
Natasha casts a spell.
The giant frog hits you.
* * * LOW HITPOINT WARNING * * *
You hit the goblin.
You kill the goblin!
The giant frog misses you. Robin throws the goblin at you!
The goblin shouts!
You hit the goblin.
The goblin is severely wounded.
You hear a shout!
The giant frog closely misses you. The goblin hits you with a dagger.
You die...

†#.............##.#...
.....########......#
.#.#.# #..###.###.
.#.#.# #....>.....
##.#.# #...##.###.
..#.# ##...##.# ###.#
#.......# #.#
#..########.. #.#


#...g@Fhggbg. #.# #.#######gg.( #. # .. .#. .#. # #. You could see a giant frog,
Robin, Natasha, a hobgoblin, 4 goblins and a bat.

Vanquished Creatures
  An adder (D:2)
  2 oozes (D:1)
  2 giant geckos
  2 ball pythons
  A giant cockroach (D:2)
  7 hobgoblins
  7 jackals
  3 bats (D:1)
  6 giant newts
  8 goblins
  6 kobolds
  A quokka (D:3)
  2 rats (D:1)
48 creatures vanquished.

Notes
Turn   | Place    | Note
--------------------------------------------------------------
     0 | D:1      | urechis the Merfolk Gladiator began the quest for the Orb.
     0 | D:1      | Reached XP level 1. HP: 16/16 MP: 1/1
    85 | D:1      | Reached skill level 5 in Polearms
    87 | D:1      | Reached XP level 2. HP: 15/22 MP: 2/2
   450 | D:1      | Reached XP level 3. HP: 27/27 MP: 3/3
   470 | D:1      | Reached skill level 6 in Polearms
  1034 | D:2      | Found a shadowy altar of Dithmenos.
  1063 | D:2      | Found a radiant altar of Vehumet.
  1165 | D:2      | Reached skill level 1 in Shields
  1430 | D:2      | Reached XP level 4. HP: 19/33 MP: 4/4
  1871 | D:3      | Noticed a giant frog
  1872 | D:3      | Noticed Natasha
  1877 | D:3      | Noticed Robin
  1884 | D:3      | Slain by a goblin

Vault maps used:
D:1:      scummos_arrival_forest, nrook_uturn, kennysheep_minor_cross
D:2:      nicolae_overflow_hidden_temple
D:3:      grunt_temple_overflow_order_and_chaos_1, elyvilon_altar_4,
          uniq_grinder, uniq_natasha, uniq_robin

Action                   |  1- 3 |  4- 6 || total
-------------------------+-------+-------++-------
Melee: Trident           |   141 |    32 ||   173
 Stab: Sleeping          |     2 |     3 ||     5
  Eat: Chunk             |     1 |     2 ||     3
